 Dungeon Crawl Stone Soup version 0.20-a0-1020-g7b9e4fe (webtiles) character file.

1964 grisnicke the Grappler (level 9, 0/81 HPs)
             Began as a Ghoul Monk on Apr 18, 2017.
             Was a Priest of Wu Jian.
             Slain by an orc warrior
             ... wielding a +0 halberd
              (12 damage)
             ... on level 7 of the Dungeon.
             The game lasted 00:38:31 (5703 turns).

grisnicke the Grappler (Ghoul Monk)                 Turns: 5703, Time: 00:38:32

Health: 0/81       AC:  9    Str: 16    XL:     9   Next: 19%
Magic:  8/8        EV: 12    Int:  5    God:    Wu Jian [***...]
Gold:   397        SH:  0    Dex: 13    Spells: 8/8 levels left

rFire    . . .     SeeInvis .     - Unarmed
rCold    + + .     Gourm    .   (no shield)
rNeg     + + +     Faith    .   F - +0 ring mail
rPois    ∞         Spirit   .   (no helmet)
rElec    .         Reflect  .   V - +2 cloak
rCorr    .         Harm     .   (no gloves)
MR       .....                  (no boots)
Stlth    +++.......             (no amulet)
Regen    0.0/turn               D - ring of stealth {Stlth+}
MPRegen  0.2/turn               E - ring of protection from cold {rC+, !d}

@: rotting
A: rotting body, claws 1, carnivore 3, cold resistance 1, negative energy
resistance 3, inhibited regeneration, torment resistance, unbreathing
a: Renounce Religion


You were on level 7 of the Dungeon.
You worshipped Wu Jian.
Wu Jian was most pleased with you.
You were not hungry.

You visited 2 branches of the dungeon, and saw 8 of its levels.

You collected 397 gold pieces.

Inventory:

Missiles
 k - 108 stones
 v - 22 poisoned needles
 A - 5 javelins
 G - 12 tomahawks (quivered)
Armour
 x - +0 ice dragon scales
   (You found it on level 2 of the Dungeon)
 F - a +0 ring mail (worn)
   (You took it off an orc on level 3 of the Dungeon)
 Q - the +1 crystal plate armour of Kikubaaqudgha's Whim {Str+2 Int+3}
   (You found it on level 4 of the Dungeon)

   It affects your strength (+2).
   It affects your intelligence (+3).
 V - a +2 cloak (worn)
   (You found it on level 6 of the Dungeon)
Jewellery
 e - an uncursed ring of resist corrosion
   (You found it on level 7 of the Dungeon)
 z - an uncursed ring of fire {rF+, rC-}
   (You found it on level 3 of the Dungeon)
 D - a ring of stealth (left claw) {Stlth+}
   (You found it on level 3 of the Dungeon)
 E - a ring of protection from cold (right claw) {rC+, !d}
   (You found it on level 3 of the Dungeon)
Wands
 s - a wand of acid (5/15)
   (You found it on level 2 of the Dungeon)
 y - a wand of iceblast (10/15)
   (You found it on level 3 of the Dungeon)
 L - a wand of paralysis (5/24)
   (You found it on level 4 of the Dungeon)
 W - a wand of paralysis (14/24)
   (You found it on level 6 of the Dungeon)
Scrolls
 c - 7 scrolls of remove curse
 m - a scroll of immolation {unknown}
 r - a scroll of magic mapping {unknown}
 t - 2 scrolls of blinking {unknown}
 C - 2 scrolls of recharging {unknown}
 K - 3 scrolls of fog {unknown}
 M - 4 scrolls of teleportation {unknown}
 O - a scroll of enchant weapon {unknown}
 P - 2 scrolls of random uselessness {unknown}
 T - 2 scrolls of enchant armour {unknown}
Potions
 d - 3 potions of flight
 l - a potion of haste
 w - a potion of magic
 H - a potion of cancellation {unknown}
 I - 3 potions of brilliance
 J - a potion of curing
 N - 2 potions of invisibility {unknown}
 R - 3 potions of heal wounds
 S - a potion of agility
 Z - a potion of ambrosia
Books
 B - a book of Maledictions
   (You found it on level 3 of the Dungeon)
 Y - a book of Frost
   (You found it on level 6 of the Dungeon)
Comestibles
 a - 3 chunks of flesh {@w0}
 b - 5 meat rations {@e2}
 u - 2 royal jellies


   Skills:
 + Level 8.0 Fighting
 - Level 3.8 Armour
 - Level 3.6 Dodging
 - Level 4.3 Stealth
 - Level 9.7 Unarmed Combat


You had 8 spell levels left.
You didn't know any spells.

Dungeon Overview and Level Annotations

Branches:
Dungeon (7/15)             Temple (1/1) D:5

Altars:
Dithmenos
Elyvilon
Fedhas
Gozag
Hepliaklqana
Kikubaaqudgha
Makhleb
Okawaru
Qazlal
Ru
Sif Muna
Trog
Uskayaw
Vehumet
Wu Jian
Xom
Yredelemnul
The Shining One

Annotations:
D:3 exclusions: centaur, orc, orc priest, orc warrior and orc wizard
D:4 exclusions: Pikel and 3 slaves, Pikel
D:5 exclusions: orc priest, orc wizard and skeleton, Prince Ribbit


Innate Abilities, Weirdness & Mutations

Your body is rotting away.
You thrive on raw meat.
You are immune to poison.
You have sharp fingernails.
You are carnivorous and can eat meat at any time.
Your flesh is cold resistant. (rC+)
You are immune to negative energy. (rN+++)
You do not regenerate when monsters are visible.
You are immune to unholy pain and torment.
You can survive without breathing.


Message History

Okay, then.
You feel your flesh rotting away.
Eating one of 4 chunks of flesh {@w0}.
You eat one of the 4 chunks of flesh {@w0}.
You feel more resilient.
This raw flesh tastes great!
A bullfrog comes into view.
A leopard gecko comes into view.
The bullfrog croaks.
You barely miss the bullfrog.
The leopard gecko hisses angrily.
The bullfrog barely misses you. The bullfrog hits you.
You take 5 damage, and have 74/79 hp.
You claw the leopard gecko!
You kill the leopard gecko!
The Council accepts your kill.
The bullfrog hits you but does no damage.
There is no target in range.
You spin and attack the bullfrog.
You closely miss the bullfrog.
The bullfrog hits you but does no damage.
You spin and attack the bullfrog.
You claw the bullfrog! The bullfrog closely misses you. The bullfrog hits you.
You take 4 damage, and have 70/79 hp.
You spin and attack the bullfrog.
You closely miss the bullfrog.
The bullfrog hits you but does no damage.
You spin and attack the bullfrog.
You closely miss the bullfrog. The bullfrog hits you.
The bullfrog hits you but does no damage.
You take 1 damage, and have 69/79 hp.
You spin and attack the bullfrog repeatedly.
You scratch the bullfrog but do no damage.
You claw the bullfrog!
You kill the bullfrog!
The Council accepts your kill.
You can now strike by moving towards foes, devastating them if distracted.
You regained 2 hp, and now have 71/81 hp.
Okay, then.
You open the door.
A bullfrog comes into view.
The bullfrog gives a loud, deep croak!
There is an open door here.
You regained 2 hp, and now have 73/81 hp.
The bullfrog hits you but does no damage.
You repeatedly attack the bullfrog from above.
You claw the bullfrog! You closely miss the bullfrog.
The bullfrog is distracted by your jump.
The bullfrog croaks.
You claw the bullfrog!
You kill the bullfrog!
The Council accepts your kill.
Your Fighting skill increases to level 8!
You open the door.
There is an open door here.
Found an escape hatch in the floor.
You regained 5 hp, and now have 78/81 hp.
f - a curved jewelled staff You drop a curved jewelled staff.
An orc warrior comes into view. It is wielding a halberd.
Health restored: 81 An orc comes into view.
An orc comes into view. It is wielding a flail.
The orc warrior shouts!
The orc shouts!
The orc warrior hits you but does no damage.
You spin and attack the orc warrior repeatedly.
You claw the orc warrior!
You scratch the orc warrior but do no damage.
You spin and attack the orc.
You barely miss the orc.
The orc warrior hits you but does no damage.
You spin and attack the orc warrior.
You barely miss the orc warrior.
The orc warrior hits you with a halberd!
You take 14 damage, and have 67/81 hp.
You claw the orc!
You kill the orc!
The Council accepts your kill.
The orc warrior hits you with a halberd!
You take 14 damage, and have 53/81 hp.
You spin and attack the orc warrior repeatedly.
You claw the orc warrior! You barely miss the orc warrior.
The orc warrior hits you with a halberd!!
Things that are here:
a flail; a leather armour You take 18 damage, and have 35/81 hp.
MASSIVE DAMAGE!!
You attack the orc from above.
You claw the orc!
You kill the orc!
The Council accepts your kill.
You attack the orc warrior from above.
You scratch the orc warrior.
You spin and attack the orc warrior.
You scratch the orc warrior but do no damage.
You claw the orc warrior.
The orc warrior hits you with a halberd!!
* * * LOW HITPOINT WARNING * * *
You take 23 damage, and have 12/81 hp.
MASSIVE DAMAGE!!
You spin and attack the orc warrior.
You barely miss the orc warrior.
The orc warrior hits you but does no damage.
Things that are here:
a flail; a leather armour You attack the orc warrior from above.
You scratch the orc warrior.
The orc warrior hits you with a halberd!
You die...

#.# #.# #.# #.# #.#
##################.#
...................#
#######........§#§.######
####.####.##§@§.......
##...........§o§..#####
#.........####)....#
#..##.###.# ##...##
###..##.# #.# ##.##
.....##.# #.# #.#
##...##.###.## #.#
#>..........# ##'##
#....)))....# ##...##


You could see an orc warrior.

Vanquished Creatures
  A hippogriff (D:7)
  Eustachio (D:6)
  An orc warrior (D:7)
  A slave (D:4)
  An ice beast (D:5)
  An ogre (D:6)
  2 phantoms
  2 centaurs
  A big kobold (D:7)
  Blork the orc (D:5)
  3 bullfrogs
  A scorpion (D:4)
  A howler monkey (D:4)
  6 crimson imps
  A bullfrog zombie (D:6)
  An orc priest (D:3)
  A quasit (D:5)
  2 bullfrog skeletons
  An iguana (D:6)
  An orc wizard (D:7)
  A worker ant (D:4)
  A hound zombie (D:6)
  A hound skeleton (D:6)
  A worker ant zombie (D:5)
  7 adders
  An ooze (D:3)
  2 adder skeletons
  A worm (D:2)
  3 dart slugs
  5 leopard geckos
  16 orcs
  7 bats
  6 giant cockroaches
  8 goblins
  9 hobgoblins
  5 jackals
  3 quokkas
  2 ball pythons
  4 frilled lizards
  A jackal skeleton (D:7)
  6 kobolds
  A leopard gecko zombie (D:5)
  A quokka skeleton (D:7)
  5 rats
127 creatures vanquished.

Notes
Turn   | Place    | Note
-------+----------+-------------------------------------------
     0 | D:1      | grisnicke the Ghoul Monk began the quest for the Orb.
     0 | D:1      | Reached XP level 1. HP: 22/22 MP: 0/0
   119 | D:1      | Reached skill level 1 in Unarmed Combat
   135 | D:1      | Reached XP level 2. HP: 16/27 MP: 1/1
   166 | D:1      | Reached skill level 2 in Unarmed Combat
   451 | D:1      | Reached XP level 3. HP: 34/34 MP: 2/2
   806 | D:2      | Reached skill level 3 in Unarmed Combat
  1441 | D:2      | Reached XP level 4. HP: 41/41 MP: 3/3
  1757 | D:3      | Reached skill level 4 in Unarmed Combat
  1987 | D:3      | Reached XP level 5. HP: 34/47 MP: 4/4
  1999 | D:3      | Noticed a centaur
  2031 | D:3      | Reached skill level 5 in Unarmed Combat
  2041 | D:3      | Noticed an orc warrior
  2398 | D:4      | Found a shimmering altar of Xom.
  2576 | D:4      | Reached skill level 6 in Unarmed Combat
  2576 | D:4      | Reached XP level 6. HP: 30/53 MP: 5/5
  3082 | D:4      | Found a white marble altar of Elyvilon.
  3095 | D:4      | Got a blackened crystal plate armour
  3124 | D:4      | Identified the cursed +1 crystal plate armour of Kikubaaqudgha's Whim {Str+2 Int+3} (You found it on level 4 of the Dungeon)
  3192 | D:4      | Noticed a slave
  3223 | D:4      | Killed a slave
  3311 | D:4      | Noticed a slave
  3380 | D:4      | Noticed a slave
  3380 | D:4      | Noticed a slave
  3470 | D:4      | Noticed Pikel
  3493 | D:4      | Noticed a phantom
  3508 | D:4      | Killed a phantom
  3508 | D:4      | Reached skill level 7 in Unarmed Combat
  3599 | D:5      | Entered Level 5 of the Dungeon
  3687 | D:5      | Found a staircase to the Ecumenical Temple.
  3693 | Temple   | Entered the Ecumenical Temple
  3769 | Temple   | Became a worshipper of the Wu Jian Council
  3769 | Temple   | Reached * piety under Wu Jian
  3769 | Temple   | Reached ** piety under Wu Jian
  3796 | D:5      | Reached XP level 7. HP: 54/60 MP: 6/6
  3848 | D:5      | Noticed Prince Ribbit
  3923 | D:5      | Reached skill level 8 in Unarmed Combat
  3988 | D:5      | Noticed Blork the orc
  4002 | D:5      | Killed Blork the orc
  4123 | D:5      | Reached skill level 9 in Unarmed Combat
  4174 | D:5      | Reached XP level 8. HP: 58/67 MP: 7/7
  4308 | D:6      | Found a glowing golden altar of the Shining One.
  4333 | D:6      | Found a bloodstained altar of Trog.
  4360 | D:6      | Reached skill level 1 in Armour
  4382 | D:6      | Noticed Eustachio
  4392 | D:6      | Killed Eustachio
  4392 | D:6      | Reached skill level 2 in Armour
  4516 | D:6      | Reached skill level 3 in Armour
  4521 | D:6      | Found a sacrificial altar of Ru.
  4872 | D:6      | Reached skill level 5 in Fighting
  4979 | D:7      | Found a shadowy altar of Dithmenos.
  5295 | D:7      | Noticed a hippogriff
  5322 | D:7      | Killed a hippogriff
  5322 | D:7      | Reached skill level 6 in Fighting
  5458 | D:7      | Reached skill level 7 in Fighting
  5458 | D:7      | Reached XP level 9. HP: 49/78 MP: 8/8
  5591 | D:7      | Reached *** piety under Wu Jian
  5606 | D:7      | Reached skill level 8 in Fighting
  5701 | D:7      | HP: 12/81 [orc warrior/halberd (23)]
  5703 | D:7      | Slain by an orc warrior

Vault maps used:
D:1:      lightli_arrival_statuegarden, minmay_hexomino_f4
D:2:      first_bread
D:3:      minmay_strange_pillars, grunt_ministairs_15, uniq_sigmund
D:4:      lemuel_doored_altar, gammafunk_temple_overflow_claw, elyvilon_altar_5,
          kennysheep_dice, uniq_pikel
D:5:      minmay_temple_entry_hall, hangedman_decor_diamond_cutter,
          uniq_blork_the_orc, uniq_prince_ribbit1
D:6:      kennysheep_mini, kennysheep_mini_moat, basic_altar, uniq_eustachio
D:7:      nicolae_dithmenos_through_a_glass_darkly
Temple:   cyrus_circular_temple

Skill      XL: |  1  2  3  4  5  6  7  8  9 |
---------------+----------------------------+-----
Unarmed Combat | 1 2 3 4 6 7 9 |  9.7
Armour         | 3 |  3.8
Fighting       | 7 8 |  8.0
Dodging        | |  3.6
Stealth        | |  4.3

Action                   |  1- 3 |  4- 6 |  7- 9 || total
-------------------------+-------+-------+-------++-------
Melee: Unarmed           |   123 |   167 |   213 ||   503
       Punch             |       |     4 |     9 ||    13
Throw: Tomahawk          |     4 |    12 |     3 ||    19
       Javelin           |       |    11 |       ||    11
Evoke: Wand              |       |       |     1 ||     1
  Use: Scroll            |       |     6 |     3 ||     9
 Stab: Sleeping          |    12 |    10 |     5 ||    27
       Paralysed         |       |       |     3 ||     3
  Eat: Chunk             |     8 |     9 |    12 ||    29
Armor: Robe              |    13 |       |       ||    13
       Leather armour    |     3 |     9 |       ||    12
       Crystal plate arm |       |    14 |       ||    14
       Ring mail         |       |     7 |    67 ||    74
Dodge: Dodged            |    62 |    65 |    89 ||   216

Vault maps used:
D:1:      lightli_arrival_statuegarden, minmay_hexomino_f4
D:2:      first_bread
D:3:      minmay_strange_pillars, grunt_ministairs_15, uniq_sigmund
D:4:      lemuel_doored_altar, gammafunk_temple_overflow_claw, elyvilon_altar_5,
          kennysheep_dice, uniq_pikel
D:5:      minmay_temple_entry_hall, hangedman_decor_diamond_cutter,
          uniq_blork_the_orc, uniq_prince_ribbit1
D:6:      kennysheep_mini, kennysheep_mini_moat, basic_altar, uniq_eustachio
D:7:      nicolae_dithmenos_through_a_glass_darkly
Temple:   cyrus_circular_temple

Table legend:
 A = Turns spent in this place as a percentage of turns spent in the entire game.
 B = Non-inter-level travel turns spent in this place as a percentage of non-inter-level travel turns spent in the entire game.
 C = Inter-level travel turns spent in this place as a percentage of turns spent in this place.
 D = Turns resting spent in this place as a percentage of non-inter-level travel turns spent in this place.
 E = Turns spent auto-exploring this place as a percentage of non-inter-level travel turns spent in this place.
 F = Non-inter-level travel turns spent in this place divided by the number of levels of this place that you've seen.
                   A       B       C       D       E      F
               +-------+-------+-------+-------+-------+----------------------
         Total | 100.0 | 100.0 |   0.2 |   0.4 |   4.3 | 304.9
       Dungeon |  96.0 |  96.0 |   0.2 |   0.4 |   4.5 | 334.6
        Temple |   4.0 |   4.0 |   0.0 |   0.0 |   0.0 |  97.0
               +-------+-------+-------+-------+-------+----------------------

Table legend:
 A = Kills in this place as a percentage of kills in entire the game.
 B = Kills by you in this place as a percentage of kills by you in the entire game.
 C = Kills by friends in this place as a percentage of kills by friends in the entire game.
 D = Other kills in this place as a percentage of other kills in the entire game.
 E = Experience gained in this place as a percentage of experience gained in the entire game.
 F = Experience gained in this place divided by the number of levels of this place that you have seen.
                   A       B       C       D       E      F
               +-------+-------+-------+-------+-------+----------------------
         Total | 100.0 | 100.0 |  -nan |  -nan | 100.0 | 350.9
       Dungeon | 100.0 | 100.0 |  -nan |  -nan | 100.0 | 401.0
               +-------+-------+-------+-------+-------+----------------------
